 Dungeon Crawl Stone Soup version 0.18.1-48-g4cf74bf (webtiles) character file.

1206 Scud the Cudgeler (level 8, -9/61 HPs)
             Began as a Human Fighter on Aug 18, 2016.
             Was an Initiate of Okawaru.
             Mangled by an orc warrior
             ... wielding a +0 glaive
              (20 damage)
             ... on level 6 of the Dungeon.
             The game lasted 00:54:02 (5260 turns).

Scud the Cudgeler (Human Fighter)                   Turns: 5260, Time: 00:54:02

Health: -9/61      AC: 12    Str: 18    XL:     8   Next: 73%
Magic:  8/8        EV:  9    Int:  9    God:    Okawaru [......]
Gold:   321        SH: 11    Dex: 16    Spells: 0 memorised, 7 levels left

rFire  . . .     SeeInvis .     r - +3 morningstar
rCold  . . .     Gourm    .     u - +0 scale mail
rNeg   . . .     Faith    .     c - +1 shield
rPois  .         Spirit   .     (no helmet)
rElec  .         Dismiss  .     (no cloak)
rCorr  .         Reflect  .     j - +0 pair of gloves {Dex+3}
SustAt .         Harm     .     b - +0 pair of boots
MR     .....                    (no amulet)
Stlth  ..........               (no ring)
                                e - +3 ring of protection

@: not resistant to hostile enchantments, extremely unstealthy
A: no striking features
a: Renounce Religion


You were on level 6 of the Dungeon.
You worshipped Okawaru.
Okawaru was noncommittal.
You were not hungry.

You visited 1 branch of the dungeon, and saw 6 of its levels.

You collected 321 gold pieces.

Inventory:

Hand Weapons
 r - a +3 morningstar (weapon)
 t - a +0 flail
Armour
 b - a +0 pair of boots (worn)
 c - a +1 shield (worn)
 j - a +0 pair of gloves of dexterity (worn)
 u - a +0 scale mail (worn)
Jewellery
 e - a +3 ring of protection (left hand)
 s - an uncursed ring of magical power
 v - an uncursed amulet of faith
Wands
 k - a wand of iceblast (10/15)
 w - a wand of iceblast (12/15)
Scrolls
 g - 2 scrolls of enchant armour
 h - 4 scrolls of remove curse
 o - 3 scrolls of noise {unknown}
 p - a scroll of teleportation
 q - a scroll of magic mapping {unknown}
 x - 2 scrolls of identify
 A - a scroll of enchant weapon {unknown}
 B - a scroll of fog
 C - 2 scrolls of blinking
Potions
 a - a potion of magic
 d - a potion of might
 i - 2 potions of heal wounds
 n - 6 potions of curing
 z - a potion of flight {unknown}
Books
 y - a book of the Tempests

   Spells                             Type                      Level
   a - Static Discharge               Conjuration/Air              3
   b - Lightning Bolt                 Conjuration/Air              5
   c - Fireball                       Conjuration/Fire             5
   d - Tornado                        Air                          9
   e - Shatter                        Earth                        9
Comestibles
 f - 7 bread rations
 l - 7 fruits
 m - 2 meat rations
 D - 2 mutagenic chunks of flesh


   Skills:
 + Level 4.7 Fighting
   Level 2.2 Long Blades
 * Level 6.1 Maces & Flails
 + Level 4.7 Armour
 + Level 3.1 Dodging
 + Level 5.1 Shields


You had 7 spell levels left.
You didn't know any spells.

Dungeon Overview and Level Annotations

Branches:
Dungeon (6/15)
 Temple: D:4-7

Altars:
Okawaru
Sif Muna
Yredelemnul
Zin
The Shining One

Shops:
D:5 *


Message History

The orc warrior is heavily wounded.
You block the orc warrior's attack.
You hit the orc warrior.
The orc warrior is heavily wounded.
The orc warrior hits you with a glaive!
You hit the orc warrior but do no damage.
The orc warrior is heavily wounded.
The orc warrior barely misses you.
You closely miss the orc warrior.
The orc warrior is heavily wounded.
The orc warrior hits you with a glaive!
* * * LOW HITPOINT WARNING * * *
You closely miss the orc warrior.
The orc warrior is heavily wounded.
The orc warrior hits you with a glaive.
* * * LOW HITPOINT WARNING * * *
You hit the orc warrior.
The orc warrior is severely wounded.
The orc warrior hits you with a glaive!!
You die...

.#)#.#.#.#.#..##....
#.o.(.(.........#..
##..#.#.##.........
. #
##.(##.#.##.........
..#.##...#%.#.#
#.....#..
......>(##)##.# ....
...$....#..#..# .#
........#.##.## #
.......o@)...#
#.#...###........
...... #...#####
#.>#.. #.### ..###.
?.. .. ..# ..# ..


You could see an orc warrior.

Vanquished Creatures
  The ghost of kosy22 the Caller, an amateur TeSu (D:4)
  A sky beast (D:5)
  An ogre (D:4)
  A centaur (D:6)
  A giant frog (D:6)
  A water moccasin zombie (D:5)
  3 howler monkeys
  2 crimson imps
  3 hounds
  A giant frog skeleton (D:4)
  2 orc priests
  A jelly (D:5)
  Terence (D:3)
  3 worker ants
  A howler monkey zombie (D:5)
  10 adders
  A shadow imp (D:5)
  An ooze (D:5)
  An adder zombie (D:5)
  2 worms
  A dart slug (D:3)
  3 giant geckos
  16 orcs
  6 giant cockroaches
  9 hobgoblins
  4 jackals (D:3)
  4 quokkas
  2 ball pythons (D:1)
  6 bats
  A giant gecko skeleton (D:4)
  2 giant gecko zombies
  2 giant newts (D:1)
  2 gnoll zombies (D:2)
  7 goblins
  7 kobolds
  A quokka skeleton (D:5)
  5 rats
116 creatures vanquished.

Notes
Turn   | Place    | Note
--------------------------------------------------------------
     0 | D:1      | Scud the Human Fighter began the quest for the Orb.
     0 | D:1      | Reached XP level 1. HP: 18/18 MP: 1/1
   135 | D:1      | Reached XP level 2. HP: 20/24 MP: 2/2
   706 | D:2      | Reached XP level 3. HP: 23/29 MP: 3/3
   710 | D:2      | Found a basalt altar of Yredelemnul.
   771 | D:2      | Reached skill level 1 in Maces & Flails
  1079 | D:2      | Reached XP level 4. HP: 35/35 MP: 4/4
  1283 | D:3      | Noticed Terence
  1409 | D:3      | Reached skill level 2 in Maces & Flails
  1452 | D:3      | Reached XP level 5. HP: 38/41 MP: 5/5
  2337 | D:3      | Killed Terence
  2575 | D:3      | Found a deep blue altar of Sif Muna.
  2587 | D:3      | Found a glowing golden altar of the Shining One.
  2627 | D:3      | Reached skill level 3 in Maces & Flails
  2627 | D:3      | Reached XP level 6. HP: 41/48 MP: 6/6
  2913 | D:4      | Reached skill level 1 in Dodging
  3073 | D:4      | Noticed an ogre
  3080 | D:4      | Killed an ogre
  3141 | D:4      | Noticed kosy22's ghost (amateur TeSu)
  3160 | D:4      | Killed kosy22's ghost
  3160 | D:4      | Reached skill level 4 in Maces & Flails
  3160 | D:4      | Reached XP level 7. HP: 14/54 MP: 7/7
  3857 | D:4      | Found a glowing silver altar of Zin.
  3857 | D:4      | Noticed an angel
  4538 | D:5      | Entered Level 5 of the Dungeon
  4668 | D:5      | Found Vuduck's Assorted Antiques.
  4935 | D:5      | Reached XP level 8. HP: 56/61 MP: 8/8
  4967 | D:5      | Found an iron altar of Okawaru.
  4969 | D:5      | Reached skill level 5 in Maces & Flails
  4986 | D:5      | Became a worshipper of Warmaster Okawaru
  5160 | D:6      | Reached skill level 5 in Shields
  5236 | D:6      | Reached skill level 6 in Maces & Flails
  5260 | D:6      | Mangled by an orc warrior

Skill      XL: |  1  2  3  4  5  6  7  8 |
---------------+-------------------------+-----
Maces & Flails | 1 2 3 4 6 |  6.1
Dodging        | 1 2 3 |  3.1
Shields        | 4 5 |  5.1
Fighting       | 4 |  4.7
Armour         | 4 |  4.7
Long Blades    | |  2.2

Action                   |  1- 3 |  4- 6 |  7- 9 || total
-------------------------+-------+-------+-------++-------
Melee: Mace              |    63 |    39 |       ||   102
       Long sword        |     9 |       |       ||     9
       Morningstar       |       |    82 |   197 ||   279
  Use: Scroll            |     8 |     2 |     2 ||    12
       Potion            |     3 |     3 |     5 ||    11
  Eat: Meat ration       |       |     1 |       ||     1
       Pizza             |       |     1 |       ||     1
       Chunk             |       |     1 |       ||     1
       Beef jerky        |       |       |     2 ||     2
       Bread ration      |       |       |     1 ||     1
Armor: Scale mail        |    27 |    60 |   119 ||   206
Dodge: Dodged            |    22 |    44 |    93 ||   159
Block: Shield            |    39 |    76 |   152 ||   267
